 Dungeon Crawl Stone Soup version 0.32-a0-39-g5c88369fb2 (webtiles) character file.

Game seed: 14473378177540187027

1010 vurker the Magician (level 8, -2/58 HPs)
             Began as a Djinni Air Elementalist on Feb 4, 2024.
             Slain by an ice beast (15 damage)
             ... on level 6 of the Dungeon.
             The game lasted 00:03:00 (5673 turns).

vurker the Magician (Djinni Air Elementalist)       Turns: 5673, Time: 00:03:00

Health: -2/58      AC:  2    Str:  7    XL:     8   Next: 44%
Gold:   101        EV: 13    Int: 19    God:
                   SH:  0    Dex: 20

rFire   + + .        l - staff of earth
rCold   x . .        (no shield)
rNeg    . . .        a - +0 robe
rPois   ∞            (no helmet)
rElec   .            (no cloak)
rCorr   .            (no gloves)
SInv    .            (boots unavailable)
Will    .....        (no amulet)
Stlth   ++           h - +6 ring of dexterity
HPRegen 0.29/turn    (no ring)
MPRegen 0.00/turn

%: infuse magic (-3 HP)
@: flying
A: sickness immunity, fire resistance 2, cold vulnerability 1, float, innate
caster, HP casting, extra vitality 1
a: no special abilities


You were on level 6 of the Dungeon.
You visited 1 branch of the dungeon, and saw 6 of its levels.

You collected 215 gold pieces.
You spent 114 gold pieces at shops.

Inventory:

Missiles
 j - 3 throwing nets
Armour
 a - a +0 robe (worn)
Magical Staves
 l - a staff of earth (weapon)
Jewellery
 h - a +6 ring of dexterity (left hand)
Wands
 q - a wand of flame (34)
Scrolls
 b - 2 scrolls of fear {unknown}
 c - 6 scrolls of identify {unknown}
 d - a scroll of revelation {unknown}
 f - a scroll of silence {unknown}
 i - a scroll of immolation {unknown}
 k - a scroll of teleportation {unknown}
 n - a scroll of fog {unknown}
 u - a scroll of enchant armour {unknown}
 w - a scroll of poison {unknown}
Potions
 e - a potion of invisibility {unknown}
 g - a potion of might {unknown}
 m - a potion of attraction {unknown}
 o - a potion of lignification {unknown}
 p - 2 potions of curing {unknown}
 r - 2 potions of haste {unknown}
 s - a potion of heal wounds {unknown}
 t - 2 potions of mutation {unknown}
 v - 2 potions of degeneration {unknown}
 x - a potion of enlightenment {unknown}


   Skills:
 + Level 4.9 Fighting
 - Level 2.1 Dodging
 - Level 1.5 Stealth
 * Level 6.7 Spellcasting
 * Level 6.7 Conjurations
 * Level 6.7 Hexes
   Level 0.0 Charms
 * Level 6.7 Summonings
 * Level 6.7 Necromancy
 * Level 6.7 Translocations
   Level 0.0 Transmutations
 * Level 6.7 Fire Magic
 * Level 6.7 Ice Magic
 * Level 6.7 Air Magic
 * Level 6.7 Earth Magic
 * Level 6.7 Alchemy


You knew the following spells:

 Your Spells              Type           Power      Damage    Failure   Level
a - Shock                 Conj/Air       100%       1d9       1%          1
b - Static Discharge      Conj/Air       64%        3-6/arc   1%          2
c - Airstrike             Air            16%        2d(3-19)  6%          4
d - Swiftness             Air            32%        N/A       1%          3
e - Necrotise             Necr           100%       1d9       1%          1
f - Scorch                Fire           64%        2d7       1%          2
g - Lesser Beckoning      Tloc           64%        N/A       1%          2
Your spell library was empty.

Dungeon Overview and Level Annotations

Branches:
Dungeon (6/15) Zot: 26939
 Temple: D:4-7

Altars:

Shops:
D:2 (   D:5 *:


Innate Abilities, Weirdness & Mutations

You are immune to sickness and miasma.
You are immune to poison.
Your flesh is very heat resistant. (rF++)
You are vulnerable to cold. (rC-)
You float through the air rather than walking.
You learn spells naturally, not from books.
Your magical power is your life essence.
You have superior vitality. (+4 MHP)


Message History

The zap hits the orc priest.
The zap hits the ice beast.
* * * LOW HITPOINT WARNING * * *
Casting: Shock (safe; 1% risk of failure)
Aiming: Shock (safe; 1% risk of failure)
Press: ? - help, Shift-Dir - straight line, f/p - orc priest
Aim: an orc priest, wielding a +0 trident (severely wounded, 74% to hit)
The zap hits the orc priest.
You kill the orc priest!
* * * LOW HITPOINT WARNING * * *
You take 1 damage, and have 27/58 hp.
Casting: Shock (safe; 1% risk of failure)
Aiming: Shock (safe; 1% risk of failure)
Press: ? - help, Shift-Dir - straight line, f - ice beast
Aim: an ice beast (lightly wounded, 74% to hit)
The zap hits the ice beast.
* * * LOW HITPOINT WARNING * * *
You take 1 damage, and have 26/58 hp.
Casting: Shock (safe; 1% risk of failure)
Aiming: Shock (safe; 1% risk of failure)
Press: ? - help, Shift-Dir - straight line, f/p - ice beast
Aim: an ice beast (lightly wounded, 74% to hit)
The zap hits the ice beast.
* * * LOW HITPOINT WARNING * * *
Casting: Shock (safe; 1% risk of failure)
Aiming: Airstrike (dangerous; 6% risk of failure)
Press: ? - help, Dir - move target, f/p - ice beast
Aim: an ice beast (moderately wounded, empty space bonus: 4/8)
The air twists around and strikes the ice beast!
* * * LOW HITPOINT WARNING * * *
You take 4 damage, and have 22/58 hp.
Casting: Airstrike (dangerous; 6% risk of failure)
Aiming: Airstrike (dangerous; 6% risk of failure)
Press: ? - help, Dir - move target, f/p - ice beast
Aim: an ice beast (severely wounded, empty space bonus: 1/8)
The air twists around and strikes the ice beast!
* * * LOW HITPOINT WARNING * * *
The ice beast hits you.
* * * LOW HITPOINT WARNING * * *
The ice beast freezes you!
You feel a terrible chill!
You die...

###†....<.Y)...
#####.......#
.<.....<...Y#
.####.......#
###..)### #...#
##.## #Y# #@#
#.# ... ####.
.# #


You could see an ice beast.

Vanquished Creatures
  Grinder (D:5)
  A water moccasin (D:5)
  An ogre (D:4)
  A scorpion (D:6)
  2 bombardier beetles (D:5)
  3 hounds
  An orc priest (D:6)
  Ijyb (D:3)
  Natasha (thrice) (D:2)
  Terence (D:2)
  2 iguanas (D:5)
  7 gnolls
  4 adders
  4 dart slugs
  A ribbon worm (D:4)
  10 orcs
  4 bats (D:3)
  6 endoplasms
  5 giant cockroaches
  2 goblins
  11 hobgoblins
  6 jackals
  7 quokkas
  6 ball pythons
  2 frilled lizards (D:1)
  6 kobolds
  3 rats
101 creatures vanquished.

Notes
Turn   | Place    | Note
-------+----------+-------------------------------------------
     0 | D:1      | vurker the Djinni Air Elementalist began the quest for the
                  | Orb.
     0 | D:1      | vurker set off with the following spells memorised: Shock,
                  | Static Discharge, Swiftness, Airstrike.
     0 | D:1      | Reached XP level 1. HP: 15/15 MP: 0/0
    83 | D:1      | Reached XP level 2. HP: 21/22 MP: 0/0
   211 | D:1      | Reached skill level 1 in Fighting
   281 | D:1      | Found a faded altar of an unknown god.
   375 | D:1      | Reached XP level 3. HP: 25/27 MP: 0/0
   375 | D:1      | Learned a level 1 spell: Necrotise
   884 | D:2      | Noticed Terence
   893 | D:2      | Killed Terence
   894 | D:2      | Reached XP level 4. HP: 21/32 MP: 0/0
  1023 | D:2      | Noticed Natasha
  1027 | D:2      | Killed Natasha
  1190 | D:2      | Noticed Natasha
  1193 | D:2      | Killed Natasha
  1194 | D:2      | Reached XP level 5. HP: 28/38 MP: 0/0
  1194 | D:2      | Learned a level 2 spell: Scorch
  1284 | D:2      | Found Ridysyer's Antique Weapon Shoppe.
  1301 | D:2      | Noticed Natasha
  1323 | D:2      | Killed Natasha
  1826 | D:2      | Found Ridysyer's Antique Weapon Shoppe.
  2544 | D:2      | Found Ridysyer's Antique Weapon Shoppe.
  3415 | D:3      | Reached XP level 6. HP: 35/45 MP: 0/0
  3559 | D:3      | Noticed Ijyb
  3570 | D:3      | Killed Ijyb
  3903 | D:4      | Noticed an ogre
  3909 | D:4      | Killed an ogre
  3910 | D:4      | Reached skill level 5 in Spellcasting
  3910 | D:4      | Reached skill level 5 in Conjurations
  3910 | D:4      | Reached skill level 5 in Hexes
  3910 | D:4      | Reached skill level 5 in Summonings
  3910 | D:4      | Reached skill level 5 in Necromancy
  3910 | D:4      | Reached skill level 5 in Translocations
  3910 | D:4      | Reached skill level 5 in Fire Magic
  3910 | D:4      | Reached skill level 5 in Ice Magic
  3910 | D:4      | Reached skill level 5 in Air Magic
  3910 | D:4      | Reached skill level 5 in Earth Magic
  3910 | D:4      | Reached skill level 5 in Alchemy
  3983 | D:4      | Reached XP level 7. HP: 30/50 MP: 0/0
  3983 | D:4      | Learned a level 2 spell: Lesser Beckoning
  4561 | D:5      | Entered Level 5 of the Dungeon
  4778 | D:5      | Found Uliuvvag's Assorted Antiques.
  4787 | D:5      | Bought a scroll labelled FOCVAGAIWN for 30 gold pieces
  4787 | D:5      | Bought a smoky dark potion for 27 gold pieces
  4787 | D:5      | Bought a glowing grey potion for 27 gold pieces
  4787 | D:5      | Bought a scroll labelled WAFRO TAIBROAX for 30 gold pieces
  4800 | D:5      | Found Eluggusi's Book Boutique.
  4884 | D:5      | Noticed a water moccasin
  4892 | D:5      | Killed a water moccasin
  5179 | D:5      | Reached XP level 8. HP: 46/58 MP: 0/0
  5405 | D:5      | Noticed Grinder
  5416 | D:5      | Killed Grinder
  5673 | D:6      | Slain by an ice beast

Illustrated notes

Levels and vault maps discovered:
D:1:      roadster_arrival_rocket_large, layout_loops_ring,
          shapermc_ecumenical_altar_acropolis
D:2:      layout_loops_ring, serial_shops, shop, uniq_terence, uniq_natasha
D:3:      layout_basic, kennysheep_generic_room_12, uniq_ijyb
D:4:      layout_loops_ring, nicolae_overflow_hidden_temple
D:5:      layout_loops_cross, mainiacjoe_overflow_24_doors, serial_shops, shop,
          shop, lemuel_flamethrower_2, uniq_grinder
D:6:      layout_loops_ring, mainiacjoe_overflow_small_starburst,
          grunt_nemelex_the_gamble, okawaru_ov_weapons_minmay, vehumet_crystals,
          serial_shops, shop, serial_park_tiny_1, uniq_blork_the_orc

Skill      XL: |  1  2  3  4  5  6  7 |
---------------+----------------------+-----
Fighting       | 1 2 3 4 |  4.9
Spellcasting   | 4 5 6 |  6.7
Conjurations   | 4 5 6 |  6.7
Hexes          | 4 5 6 |  6.7
Summonings     | 4 5 6 |  6.7
Necromancy     | 4 5 6 |  6.7
Translocations | 4 5 6 |  6.7
Fire Magic     | 4 5 6 |  6.7
Ice Magic      | 4 5 6 |  6.7
Air Magic      | 4 5 6 |  6.7
Earth Magic    | 4 5 6 |  6.7
Alchemy        | 4 5 6 |  6.7
Dodging        | |  2.1
Stealth        | |  1.5

Action                     |  1- 3 |  4- 6 |  7- 9 || total
---------------------------+-------+-------+-------++-------
  Melee: Staff             |       |       |     1 ||     1
   Cast: Shock             |    53 |   131 |    70 ||   254
         Airstrike         |       |       |    12 ||    12
 Armour: Robe              |     3 |    18 |    15 ||    36
  Dodge: Dodged            |     5 |    21 |    14 ||    40

Table legend: (Time is in decaauts)
 A = Elapsed time spent in this place.
 B = Non-inter-level travel time spent in this place.
 C = Inter-level travel time spent in this place.
 D = Time resting spent in this place.
 E = Time spent auto-exploring this place.
 F = Levels seen in this place.
 G = Mean time per level.
                   A        B        C        D        E       F      G
               +--------+--------+--------+--------+--------+-----+--------+
         Total |   5682 |   5582 |    100 |     12 |   5136 |   6 |  947.0 |
       Dungeon |   5682 |   5582 |    100 |     12 |   5136 |   6 |  947.0 |
               +--------+--------+--------+--------+--------+-----+--------+

Top non-repeatable levels by time:
     D:2: 1981 daAuts
     D:4: 1017 daAuts
     D:5: 889 daAuts
     D:1: 880 daAuts
     D:3: 853 daAuts
     D:6: 60 daAuts
